MLB
TAMPA BAY RAYS @ COLORADO ROCKIES
04/07/2024
 
TOP OF THE 1ST
Tampa Bay Rays batting - Pitching for Colorado Rockies : RHP Ronald Dunham
Pitching: RHP Ronald Dunham
Batting: RHB Elliott Jenkins 0-0: Swinging Strike
0-1: SINGLE (Groundball, P, EV 83.8 MPH) (infield hit)
Batting: RHB Bobby Witt Jr. 0-0: Called Strike
0-1: Fly out, F9 (Flyball, 9S, EV 94.4 MPH)
Batting: LHB Alonso Martínez 0-0: Ball
1-0: Ball
2-0: Called Strike
2-1: 2-RUN HOME RUN (Flyball, 7LD, EV 98.1 MPH), Distance : 362 ft
Batting: RHB Jeremy Sullivan 0-0: Ball
1-0: Swinging Strike
1-1: Ball
2-1: Fly out, F3 (Popup, 3F, EV 60.6 MPH)
Batting: LHB Corbin Carroll 0-0: Ball
1-0: Foul Ball, location: 23FF
1-1: Ball
2-1: Foul Ball, location: 2LF
2-2: Fly out, F9 (Flyball, 89M, EV 98.1 MPH)
Top of the 1st over - 2 runs, 2 hits, 0 errors, 0 left on base; Tampa Bay 2 - Colorado 0
BOTTOM OF THE 1ST
Colorado Rockies batting - Pitching for Tampa Bay Rays : RHP Bryse Wilson
Pitching: RHP Bryse Wilson
Batting: SHB Hideaki Abe 0-0: Ball
1-0: Called Strike
1-1: Called Strike
1-2: Ball
2-2: DOUBLE (Line Drive, 89D, EV 108.8 MPH)
Batting: SHB Vidal Brujan 0-0: Ball
1-0: DOUBLE (Line Drive, 8RXD, EV 105.0 MPH)
Hideaki Abe scores
Batting: LHB Steve Winter 0-0: Called Strike
0-1: Foul Ball, location: 7LSF
0-2: Ball
1-2: Ball
2-2: Foul Ball, location: 2F
2-2: Ball
Wild Pitch!
Vidal Brujan to third
3-2: Ground out 4-3 (Groundball, 4, EV 91.9 MPH)
Vidal Brujan scores
Batting: RHB Carlos Correa 0-0: Called Strike
0-1: Swinging Strike
0-2: Ball
1-2: SINGLE (Groundball, 4MS, EV 70.0 MPH) (infield hit)
Batting: LHB Félix Frías 0-0: Ball
1-0: Called Strike
1-1: Ball
2-1: DOUBLE (Flyball, 8LXD, EV 95.0 MPH)
Carlos Correa to third
Runner from 3rd tries for Home, SAFE, no throw by CF
Batting: RHB Tim Murphy 0-0: Ball
1-0: Ball
2-0: Called Strike
2-1: Called Strike
2-2: Strikes out swinging
Batting: LHB David Kandilas 0-0: Ball
1-0: Foul Ball, location: 2F
1-1: Ball
2-1: Foul Ball, location: 3SF
2-2: Fly out, F4 (Popup, 34S, EV 85.0 MPH)
Bottom of the 1st over - 3 runs, 4 hits, 0 errors, 1 left on base; Tampa Bay 2 - Colorado 3
TOP OF THE 2ND
Tampa Bay Rays batting - Pitching for Colorado Rockies : RHP Ronald Dunham
Batting: LHB Daniel McCormick 0-0: Ball
1-0: Ground out U3 (Groundball, 3, EV 79.4 MPH)
Batting: RHB Taylor Davis 0-0: SINGLE (Line Drive, 6M, EV 100.0 MPH)
Batting: LHB Will Anderson 0-0: Foul Ball, location: 25F
0-1: Grounds into double play, 3-6-3 (Groundball, 3, EV 83.8 MPH)
Top of the 2nd over - 0 runs, 1 hit, 0 errors, 0 left on base; Tampa Bay 2 - Colorado 3
BOTTOM OF THE 2ND
Colorado Rockies batting - Pitching for Tampa Bay Rays : RHP Bryse Wilson
Batting: RHB Terry Miller 0-0: Ball
1-0: Ball
2-0: Ball
3-0: Called Strike
3-1: Fly out, F7 (Flyball, 7D, EV 104.4 MPH)
Batting: RHB Devin Mesoraco 0-0: SINGLE (Groundball, 4MD, EV 99.4 MPH)
Batting: SHB Hideaki Abe 0-0: Ball
1-0: Ball
2-0: Fielders Choice at 2nd, 4-6 (Groundball, 4, EV 99.4 MPH)
Batting: SHB Vidal Brujan 0-0: Ground out 4-3 (Groundball, 4, EV 95.6 MPH)
Bottom of the 2nd over - 0 runs, 1 hit, 0 errors, 1 left on base; Tampa Bay 2 - Colorado 3
TOP OF THE 3RD
Tampa Bay Rays batting - Pitching for Colorado Rockies : RHP Ronald Dunham
Batting: SHB Drew Romo 0-0: Ball
1-0: Ball
2-0: Foul Ball, location: 2F
2-1: Ball
3-1: Foul Ball, location: 2F
3-2: DOUBLE (Line Drive, 9LM, EV 88.8 MPH)
Batting: RHB Elliott Jenkins 0-0: Swinging Strike
0-1: Ball
1-1: SINGLE (Line Drive, 9LM, EV 97.5 MPH)
Drew Romo to third
Runner from 3rd tries for Home, SAFE, no throw by RF
Batting: RHB Bobby Witt Jr. 0-0: Called Strike
0-1: Ball
1-1: Ball
2-1: Ball
3-1: Base on Balls
Elliott Jenkins to second
Batting: LHB Alonso Martínez 0-0: SINGLE (Groundball, P, EV 85.0 MPH) (infield hit)
Elliott Jenkins to third
Bobby Witt Jr. to second
Batting: RHB Jeremy Sullivan 0-0: Called Strike
0-1: Ball
1-1: Swinging Strike
1-2: Ball
2-2: Ball
3-2: Base on Balls
Elliott Jenkins scores
Bobby Witt Jr. to third
Alonso Martínez to second
Batting: LHB Corbin Carroll 0-0: Fly out, F8 (Flyball, 8LD, EV 83.8 MPH)
Batting: LHB Daniel McCormick 0-0: Swinging Strike
0-1: Ball
1-1: Called Strike
1-2: Ball
2-2: Strikes out swinging
Pinch Hitting: RHB William Contreras 0-0: Ball
1-0: Ball
2-0: Swinging Strike
2-1: Ball
3-1: Foul Ball, location: 2F
3-2: Foul Ball, location: 2F
3-2: Foul Ball, location: 2F
3-2: Strikes out looking
Top of the 3rd over - 2 runs, 3 hits, 0 errors, 3 left on base; Tampa Bay 4 - Colorado 3
BOTTOM OF THE 3RD
Colorado Rockies batting - Pitching for Tampa Bay Rays : RHP Bryse Wilson
Now at 2B: Garrett DeChambeau
Batting: LHB Steve Winter 0-0: Called Strike
0-1: Called Strike
0-2: Ball
1-2: Ground out 1-3 (Groundball, P, EV 72.5 MPH)
Batting: RHB Carlos Correa 0-0: Ball
1-0: Called Strike
1-1: Ball
2-1: Ball
3-1: SINGLE (Groundball, 4MD, EV 94.4 MPH)
Batting: LHB Félix Frías 0-0: Ball
1-0: Ball
2-0: Foul Ball, location: 3F
2-1: DOUBLE (Flyball, 7LD, EV 106.3 MPH)
Carlos Correa to third
Runner from 3rd tries for Home, SAFE, throw by LF to home
Batting: RHB Tim Murphy 0-0: Ball
1-0: Ground out 5-3 (Groundball, 56, EV 84.4 MPH)
Félix Frías to third
Batting: LHB David Kandilas 0-0: Ball
1-0: Ball
2-0: Swinging Strike
2-1: Foul Ball, location: 23F
2-2: Ball
3-2: Foul Ball, location: 2F
3-2: Foul Ball, location: 2F
3-2: 2-RUN HOME RUN (Flyball, 78XD, EV 100.0 MPH), Distance : 409 ft
Pitching: RHP Jeffrey Starks
Batting: RHB Terry Miller 0-0: Called Strike
0-1: Ball
1-1: Ground out 5-3 (Groundball, 56, EV 80.6 MPH)
Bottom of the 3rd over - 3 runs, 3 hits, 0 errors, 0 left on base; Tampa Bay 4 - Colorado 6
TOP OF THE 4TH
Tampa Bay Rays batting - Pitching for Colorado Rockies : RHP Ronald Dunham
Batting: LHB Will Anderson 0-0: Called Strike
0-1: SINGLE (Groundball, 3D, EV 96.9 MPH)
Batting: SHB Drew Romo 0-0: Ball
1-0: Ball
Will Anderson steals 2nd base
2-0: Ball
3-0: Base on Balls
Batting: RHB Elliott Jenkins 0-0: Ball
Will Anderson steals 3rd base
Drew Romo to second
1-0: Ball
2-0: Foul Ball, location: 23FF
2-1: Called Strike
2-2: Strikes out looking
Batting: RHB Bobby Witt Jr. 0-0: Called Strike
0-1: DOUBLE (Groundball, 5L, EV 94.4 MPH)
Will Anderson scores
Drew Romo scores
Pitching: RHP Eric Harris
Batting: LHB Alonso Martínez 0-0: Fly out, F7 (Flyball, 7, EV 86.3 MPH)
Batting: RHB Jeremy Sullivan 0-0: Ball
1-0: DOUBLE (Flyball, 89D, EV 98.8 MPH)
Bobby Witt Jr. scores
Batting: LHB Corbin Carroll 0-0: Ball
1-0: Foul Ball, location: 5SF
1-1: Ball
2-1: Ball
3-1: Swinging Strike
3-2: Strikes out swinging
Top of the 4th over - 3 runs, 3 hits, 0 errors, 1 left on base; Tampa Bay 7 - Colorado 6
BOTTOM OF THE 4TH
Colorado Rockies batting - Pitching for Tampa Bay Rays : RHP Jeffrey Starks
Batting: RHB Devin Mesoraco 0-0: Ground out 4-3 (Groundball, 4, EV 82.5 MPH)
Batting: SHB Hideaki Abe 0-0: Ball
1-0: DOUBLE (Groundball, 3L, EV 103.1 MPH)
Batting: SHB Vidal Brujan 0-0: Ball
1-0: Ball
2-0: Called Strike
2-1: Ball
3-1: Fly out, F6 (Line Drive, 6M, EV 70.6 MPH)
Batting: LHB Steve Winter 0-0: SINGLE (Groundball, 6MD, EV 102.5 MPH)
Hideaki Abe to third
Runner from 3rd tries for Home, SAFE, throw by CF to home
Steve Winter to second
Batting: RHB Carlos Correa 0-0: Ball
1-0: Ball
2-0: Single, Error in OF, E7, batter to second base (Line Drive, 7S, EV 105.6 MPH)
Steve Winter scores
Batting: LHB Félix Frías 0-0: Ball
1-0: Swinging Strike
1-1: Ground out 4-3 (Groundball, 4, EV 85.6 MPH)
Bottom of the 4th over - 2 runs, 3 hits, 1 error, 1 left on base; Tampa Bay 7 - Colorado 8
TOP OF THE 5TH
Tampa Bay Rays batting - Pitching for Colorado Rockies : RHP Eric Harris
Batting: LHB Daniel McCormick 0-0: Called Strike
0-1: Fly out, F7 (Flyball, 7, EV 96.3 MPH)
Batting: RHB Garrett DeChambeau 0-0: Called Strike
0-1: Fly out, F7 (Line Drive, 7S, EV 87.5 MPH)
Batting: LHB Will Anderson 0-0: Ball
1-0: Ball
2-0: Foul Ball, location: 9LMF
2-1: Ball
3-1: Ground out 3-1 (Groundball, 34, EV 83.8 MPH)
Top of the 5th over - 0 runs, 0 hits, 0 errors, 0 left on base; Tampa Bay 7 - Colorado 8
BOTTOM OF THE 5TH
Colorado Rockies batting - Pitching for Tampa Bay Rays : RHP Jeffrey Starks
Batting: RHB Tim Murphy 0-0: Ball
1-0: Called Strike
1-1: Ball
2-1: Ball
3-1: Base on Balls
Batting: LHB David Kandilas 0-0: Called Strike
0-1: Ball
Tim Murphy steals 2nd base
1-1: Ball
2-1: Called Strike
2-2: Foul Ball, location: 2F
2-2: Ball
3-2: Base on Balls
Pitching: LHP Craig Williams
Batting: RHB Terry Miller 0-0: Ball
1-0: Sac Bunt to P - play at first, batter OUT! 1-4
Tim Murphy to third
David Kandilas to second
Batting: RHB Devin Mesoraco 0-0: Called Strike
0-1: Ball
1-1: Ball
2-1: Swinging Strike
2-2: Fielders Choice attempt at home, Runner SAFE. 6-2 (Groundball, 6MS, EV 68.8 MPH)
David Kandilas to third
Batting: SHB Hideaki Abe 0-0: Reached on error, E5 (Groundball, 5, EV 103.1 MPH)
David Kandilas scores
Devin Mesoraco to second
Batting: SHB Vidal Brujan 0-0: Ball
1-0: Ball
2-0: SINGLE (Groundball, 23, EV 69.4 MPH) (infield hit)
Devin Mesoraco to third
Hideaki Abe to second
Batting: LHB Steve Winter 0-0: Called Strike
0-1: Ball
1-1: Fly out, F4 (Popup, 4M, EV 73.1 MPH)
Batting: RHB Carlos Correa 0-0: Called Strike
0-1: Foul Ball, location: 3F
0-2: Foul Ball, location: 25F
0-2: Foul Ball, location: 9LSF
0-2: Fly out, F2 (Popup, 23F, EV 86.3 MPH)
Bottom of the 5th over - 2 runs, 1 hit, 1 error, 3 left on base; Tampa Bay 7 - Colorado 10
TOP OF THE 6TH
Tampa Bay Rays batting - Pitching for Colorado Rockies : RHP Eric Harris
Batting: SHB Drew Romo 0-0: Ball
1-0: Ball
2-0: Foul Ball, location: 2F
2-1: Fly out, F7 (Flyball, 7D, EV 111.3 MPH)
Batting: RHB Elliott Jenkins 0-0: Called Strike
0-1: Foul Ball, location: 2F
0-2: Ball
1-2: Ball
2-2: Strikes out swinging
Batting: RHB Bobby Witt Jr. 0-0: Called Strike
0-1: Called Strike
0-2: SINGLE (Groundball, 23, EV 65.0 MPH) (infield hit)
Pitching: RHP Jim Lawrence
Batting: LHB Alonso Martínez 0-0: Ball
1-0: Called Strike
1-1: Ball
2-1: Ball
3-1: Foul Ball, location: 2F
3-2: Base on Balls
Bobby Witt Jr. to second
Batting: RHB Jeremy Sullivan 0-0: Ball
1-0: SINGLE (Groundball, P, EV 93.8 MPH) (infield hit)
Bobby Witt Jr. to third
Alonso Martínez to second
Batting: LHB Corbin Carroll 0-0: Ball
1-0: Ball
2-0: Called Strike
2-1: Foul Ball, location: 2F
2-2: Foul Ball, location: 3FF
2-2: Strikes out swinging
Top of the 6th over - 0 runs, 2 hits, 0 errors, 3 left on base; Tampa Bay 7 - Colorado 10
BOTTOM OF THE 6TH
Colorado Rockies batting - Pitching for Tampa Bay Rays : LHP Craig Williams
Batting: LHB Félix Frías 0-0: Ball
1-0: Ball
2-0: Foul Ball, location: 7LDF
2-1: Foul Ball, location: 5F
2-2: Ball
3-2: Base on Balls
Pitching: RHP Jon Roberts
Batting: RHB Tim Murphy 0-0: Called Strike
Félix Frías steals 2nd base
0-1: Ball
1-1: Foul Ball, location: 2F
1-2: Strikes out looking
Batting: LHB David Kandilas 0-0: Called Strike
0-1: Called Strike
0-2: Strikes out looking
Batting: RHB Terry Miller 0-0: Ball
1-0: Ball
2-0: Called Strike
2-1: Foul Ball, location: 9LSF
2-2: Ground out 6-3 (Groundball, 6, EV 83.1 MPH)
Bottom of the 6th over - 0 runs, 0 hits, 0 errors, 1 left on base; Tampa Bay 7 - Colorado 10
TOP OF THE 7TH
Tampa Bay Rays batting - Pitching for Colorado Rockies : RHP Jim Lawrence
Batting: LHB Daniel McCormick 0-0: Called Strike
0-1: SINGLE (Line Drive, 78M, EV 98.1 MPH)
Batting: RHB Garrett DeChambeau 0-0: Ball
1-0: Ball
2-0: Foul Ball, location: 2F
2-1: Foul Ball, location: 9LDF
2-2: Fielders Choice at 2nd, 1-4 (Groundball, 15S, EV 70.0 MPH)
Pitching: RHP Scott Meeligan
Batting: LHB Will Anderson 0-0: Ball
1-0: Foul Ball, location: 3FF
1-1: Swinging Strike
1-2: Ball
2-2: Strikes out swinging
Batting: SHB Drew Romo 0-0: Ball
1-0: Ball
2-0: Ball
3-0: Called Strike
3-1: SINGLE (Line Drive, 7S, EV 100.6 MPH)
Garrett DeChambeau to second
Runner from 2nd tries for 3rd, SAFE, no throw by LF
Batting: RHB Elliott Jenkins 0-0: Called Strike
0-1: Foul Ball, location: 2F
0-2: Strikes out swinging
Top of the 7th over - 0 runs, 2 hits, 0 errors, 2 left on base; Tampa Bay 7 - Colorado 10
BOTTOM OF THE 7TH
Colorado Rockies batting - Pitching for Tampa Bay Rays : RHP Jon Roberts
Batting: RHB Devin Mesoraco 0-0: Swinging Strike
0-1: Called Strike
0-2: Foul Ball, location: 2F
0-2: Ball
1-2: Ball
2-2: Strikes out swinging
Batting: SHB Hideaki Abe 0-0: Ball
1-0: Ball
2-0: Fly out, F7 (Line Drive, 7D, EV 85.0 MPH)
Batting: SHB Vidal Brujan 0-0: Called Strike
0-1: Swinging Strike
0-2: Ball
1-2: Ball
2-2: Ball
3-2: SINGLE (Line Drive, 7S, EV 94.4 MPH)
Pitching: LHP Aaron Ashby
Batting: LHB Steve Winter 0-0: Ball
1-0: Called Strike
1-1: Called Strike
1-2: Foul Ball, location: 3DF
1-2: Foul Ball, location: 2F
1-2: Foul Ball, location: 25F
1-2: Foul Ball, location: 7LDF
1-2: Ball
2-2: Ball
3-2: Strikes out looking
Bottom of the 7th over - 0 runs, 1 hit, 0 errors, 1 left on base; Tampa Bay 7 - Colorado 10
TOP OF THE 8TH
Tampa Bay Rays batting - Pitching for Colorado Rockies : RHP Scott Meeligan
Pitching: RHP Carlos Mateo
Now at 1B: Will Macoy
Batting: RHB Bobby Witt Jr. 0-0: Swinging Strike
0-1: Swinging Strike
0-2: Ball
1-2: Ball
2-2: Ball
3-2: Strikes out swinging
Batting: LHB Alonso Martínez 0-0: Ball
1-0: Fly out, F6 (Popup, 6M, EV 57.5 MPH)
Batting: RHB Jeremy Sullivan 0-0: Ball
1-0: Ball
2-0: Foul Ball, location: 2F
2-1: Ball
3-1: SINGLE (Groundball, 4D, EV 95.6 MPH)
Pitching: RHP Henry Harris
Batting: LHB Corbin Carroll 0-0: Ball
1-0: Called Strike
1-1: Ball
Pickoff Throw to First - Error! E1
Jeremy Sullivan to second
2-1: Ball
3-1: Called Strike
3-2: Strikes out swinging
Top of the 8th over - 0 runs, 1 hit, 1 error, 1 left on base; Tampa Bay 7 - Colorado 10
BOTTOM OF THE 8TH
Colorado Rockies batting - Pitching for Tampa Bay Rays : LHP Aaron Ashby
Batting: RHB Carlos Correa 0-0: Foul Ball, location: 25FF
0-1: Called Strike
0-2: Ball
1-2: Ball
2-2: Ground out 6-3 (Groundball, 6, EV 107.5 MPH)
Batting: LHB Félix Frías 0-0: Ball
1-0: Ball
2-0: Ball
3-0: Called Strike
3-1: Base on Balls
Batting: RHB Tim Murphy 0-0: Called Strike
0-1: Foul Ball, location: 7LSF
0-2: Foul Ball, location: 9LSF
0-2: Strikes out looking
Pitching: RHP Jeremy Benson
Batting: LHB David Kandilas 0-0: Called Strike
Félix Frías steals 2nd base
0-1: Ball
1-1: Foul Ball, location: 9LMF
1-2: Ball
2-2: Ground out 4-3 (Groundball, 4, EV 82.5 MPH)
Bottom of the 8th over - 0 runs, 0 hits, 0 errors, 1 left on base; Tampa Bay 7 - Colorado 10
TOP OF THE 9TH
Tampa Bay Rays batting - Pitching for Colorado Rockies : RHP Henry Harris
Pitching: RHP Holden Powell
Batting: LHB Daniel McCormick 0-0: Ball
1-0: Called Strike
1-1: Swinging Strike
1-2: Ball
2-2: Strikes out swinging
Batting: RHB Garrett DeChambeau 0-0: Foul Ball, location: 9LSF
0-1: SOLO HOME RUN (Flyball, 89XD, EV 95.6 MPH), Distance : 382 ft
Batting: LHB Will Anderson 0-0: Foul Ball, location: 7LMF
0-1: Ball
1-1: Ball
2-1: Foul Ball, location: 5FF
2-2: Strikes out swinging
Batting: SHB Drew Romo 0-0: Called Strike
0-1: Foul Ball, location: 2F
0-2: Foul Ball, location: 2F
0-2: Ball
1-2: Foul Ball, location: 9LMF
1-2: Strikes out looking
Top of the 9th over - 1 run, 1 hit, 0 errors, 0 left on base; Tampa Bay 8 - Colorado 10
Sunday, April 14th , 2024 - OOTP Baseball 24.11 Build 85